 Dungeon Crawl Stone Soup version 0.26-a0-1191-ge2a0e31ab3 (webtiles) character file.

Game seed: 49000172287430738

42398 sokol815 the Fighter (level 14, -4/103 HPs)
             Began as an Octopode Gladiator on Dec 29, 2020.
             Was a High Priest of Vehumet.
             Slain by a seven-headed hydra (5 damage)
             ... on level 6 of the Lair of Beasts.
             The game lasted 00:42:54 (16341 turns).

sokol815 the Fighter (Octopode Gladiator)          Turns: 16341, Time: 00:42:55

Health: -4/103     AC:  3    Str: 23    XL:     14   Next: 19%
Magic:  21/21      EV: 16    Int: 14    God:    Vehumet [*****.]
Gold:   1209       SH: 20    Dex: 18    Spells: 11/23 levels left

rFire    . . .     SeeInvis .   a - +7 spear of the Other Side {vorpal, rC+ Str+3 Dex+4}
rCold    + . .     Faith    .   t - +2 tower shield
rNeg     . . .     Spirit   .   n - +2 hat
rPois    .         Reflect  .   z - amulet of regeneration {+regen, !d}
rElec    .         Harm     .   v - ring of willpower
rCorr    .         Rampage  .   M - +6 ring of strength
Will     ++...                  G - ring of stealth {Stlth+}
Stlth    ++++++++..             P - ring of stealth {Stlth+}
HPRegen  0.67/turn              (no ring)
MPRegen  0.17/turn              (no ring)
                                (no ring)
                                (no ring)

@: studying 2 skills
A: almost no armour, stealthy swim, amphibious, 8 rings, constrict 8, camouflage
1, gelatinous body 1
a: Renounce Religion


You were on level 6 of the Lair of Beasts.
You worshipped Vehumet.
Vehumet was extremely pleased with you.
You visited 2 branches of the dungeon, and saw 16 of its levels.
You also visited: Sewer.

You collected 1307 gold pieces.
You spent 98 gold pieces at shops.

Inventory:

Hand Weapons
 a - the +7 spear of the Other Side (weapon) {vorpal, rC+ Str+3 Dex+4}
   (You found it on level 4 of the Dungeon)

   It inflicts extra damage upon your enemies.
   It affects your strength (+3).
   It affects your dexterity (+4).
   It protects you from cold.
 b - a +1 dagger of protection
   (You took it off an orc wizard on level 8 of the Dungeon)
 c - a +3 hand crossbow of freezing
   (You found it on level 6 of the Lair of Beasts)
 F - the +8 whip "Snakebite" {curare, rPois}
   (You found it on level 1 of the Lair of Beasts)

   It poisons the flesh of those it strikes.
   It protects you from poison.
 L - a cursed +2 scimitar of freezing
   (You took it off a wight on level 10 of the Dungeon)
Missiles
 e - 72 poisoned darts
 o - 124 bolts
 q - a throwing net {=f, !d}
 X - 5 curare-tipped darts
Armour
 n - a +2 hat (worn)
   (You found it on level 1 of the Dungeon)
 t - a +2 tower shield (worn)
   (You found it on level 2 of the Dungeon)
 U - a +0 buckler
   (You found it on level 2 of the Lair of Beasts)
Magical Staves
 d - an uncursed staff of earth
   (You found it on level 8 of the Dungeon)
Jewellery
 v - a ring of willpower (left tentacle)
   (You found it on level 3 of the Dungeon)
 z - an amulet of regeneration (around mantle) {+regen, !d}
   (You found it on level 3 of the Dungeon)
 G - a ring of stealth (on tentacle) {Stlth+}
   (You found it on level 6 of the Dungeon)
 M - a +6 ring of strength (right tentacle)
   (You found it on level 5 of the Dungeon)
 P - a ring of stealth (on tentacle) {Stlth+}
   (You found it on level 10 of the Dungeon)
Wands
 f - a wand of random effects (16)
   (You found it on level 8 of the Dungeon)
 j - a wand of enslavement (9)
   (You found it in a sewer)
 y - a wand of paralysis (12)
   (You found it on level 3 of the Dungeon)
 E - a wand of flame (25)
   (You took it off an orc on level 5 of the Dungeon)
 T - a wand of disintegration (20)
   (You found it on level 10 of the Dungeon)
 Z - a wand of polymorph (4)
   (You found it on level 6 of the Lair of Beasts)
Scrolls
 h - 11 scrolls of teleportation
 l - a scroll of summoning
 m - 4 scrolls of remove curse
 u - a scroll of blinking {!r}
 B - 2 scrolls of magic mapping {!r}
 K - 7 scrolls of amnesia
 N - 5 scrolls of fog
 R - a scroll of enchant weapon
 S - a scroll of holy word {!r}
 W - a scroll of vulnerability {!r!r}
 Y - a scroll of identify
Potions
 i - 4 potions of might
 k - 5 potions of heal wounds
 p - 4 potions of invisibility
 r - 8 potions of flight
 s - a potion of cancellation
 w - 3 potions of haste
 x - 5 potions of attraction {!q}
 A - 5 potions of curing
 C - 4 potions of brilliance
 D - 3 potions of magic
 H - 3 potions of berserk rage {!q}
 I - a potion of lignification {!q}
 O - 2 potions of mutation {!q}
Books
 J - a manual of Bows {!d}
   (You found it on level 6 of the Dungeon)
 Q - a manual of Staves {!d}
   (You found it on level 10 of the Dungeon)
Miscellaneous
 V - a tin of tremorstones (2/2)
   (You found it on level 3 of the Lair of Beasts)


   Skills:
 - Level 12.1 Fighting
 - Level 4.0 Long Blades
 - Level 12.0 Polearms
 - Level 2.0 Throwing
 - Level 8.0 Dodging
 - Level 10.0 Stealth
 + Level 10.4 Shields
 - Level 5.0 Spellcasting
 * Level 5.9 Conjurations
 * Level 2.8 Fire Magic
 - Level 5.0 Air Magic
 - Level 8.0 Poison Magic
 - Level 4.0 Evocations


You had 11 spell levels left.
You knew the following spells:

 Your Spells              Type           Power        Failure   Level
a - Freeze                Ice            12%          28%         1
c - Conjure Flame         Conj/Fire      15%          16%         3
f - Fireball              Conj/Fire      7%           75%         5
x - Mephitic Cloud        Conj/Pois/Air  21%          7%          3

Your spell library contained the following spells:

 Spells                   Type           Power        Failure   Level
 Freezing Cloud           Conj/Ice/Air   6%           100%        6
 Magic Dart               Conj           80%          2%          1
 Ignite Poison            Fire/Tmut/Pois 13%          21%         3
 Animate Skeleton         Necr           6%           75%         1
 Apportation              Tloc           6%           75%         1
 Corona                   Hex            3%           75%         1
 Summon Small Mammal      Summ           12%          75%         1
 Blink                    Tloc           N/A          86%         2
 Call Imp                 Summ           3%           86%         2
 Slow                     Hex            3%           86%         2
 Call Canine Familiar     Summ           3%           98%         3
 Confusing Touch          Hex            3%           98%         3
 Gell's Gravitas          Tloc           1%           98%         3
 Summon Guardian Golem    Hex/Summ       3%           98%         3
 Summon Lightning Spire   Summ/Air       10%          99%         4
 Yara's Violent Unravell  Hex/Tmut       1%           99%         5
 Starburst                Conj/Fire      7%           99%         6
 Petrify                  Tmut/Erth      3%           100%        4
 Summon Ice Beast         Ice/Summ       3%           100%        4
 Metabolic Englaciation   Hex/Ice        1%           100%        5
 Ignition                 Fire           5%           100%        8


Dungeon Overview and Level Annotations

Branches:
Dungeon (10/15)            Temple (0/1) D:6            Lair (6/6) D:9
 Shoals (0/4) Lair:4        Snake (0/4) Lair:2        Slime (0/5) Lair:5
    Orc (0/2) D:9           Sewer (visited)

Altars:
Elyvilon
Fedhas
Hepliaklqana
Qazlal
Trog
Uskayaw
Vehumet
Yredelemnul
Zin
The Shining One
Jiyva

Shops:
D:6 !   D:8 }   D:9 *

Annotations:
D:2 1 runed translucent door, Crazy Yiuf
D:10 exclusion: statue
Lair:2 exclusion: oklob plant
Lair:3 exclusion: 3 hydras
Lair:4 3 runed translucent doors, runemage's ghost, journeyman GnFi
Lair:5 4 runed translucent doors, exclusion: 3 hogs, Xeduwoy's ghost, journeyman CeAM
Lair:6 exclusion: hydra


Innate Abilities, Weirdness & Mutations

You cannot wear most types of armour.
You are very stealthy in the water. (Stealth+)
You are amphibious.
You can wear up to eight rings at the same time.
You can use your tentacles to constrict eight enemies at once.
Your skin changes colour to match your surroundings (Stealth+).
Your rubbery body absorbs attacks. (AC +1, EV +1)


Message History

You constrict the spriggan. You hit the spriggan. You constrict the spriggan.
You block the spriggan's attack.
You puncture the spriggan!
You kill the spriggan!
Vehumet accepts your kill.
Health restored: 103 No target in view!
Items here: ))) [[[[[ †††.
Okay, then.
Okay, then.
No target in view!
No target in view!
T - a wand of disintegration (20) (gained 17 charges)
You now have 1115 gold pieces (gained 26).
You see here 17 arrows.
Z - a wand of polymorph (4)
You now have 1135 gold pieces (gained 20).
You see here a runed hand crossbow.
You can't carry that many items.
Drop what? 52/52 slots (_ for help) (? for menu, Esc to quit)
You drop a +0 hunting sling.
You drop 321 stones.
c - a runed hand crossbow Your +3 hand crossbow of freezing is covered in frost.
c - a +3 hand crossbow of freezing (weapon)
Your +3 hand crossbow of freezing stops glowing.
You feel stronger.
You feel agile.
a - the +7 spear of the Other Side (weapon)
{vorpal, rC+ Str+3 Dex+4} You now have 1181 gold pieces (gained 46).
You now have 1209 gold pieces (gained 28).
You see here a club.
There is an open door here.
There is an open door here.
Things that are here:
a +0 dagger of venom; a +0 robe; a morningstar A spriggan comes into view.
It is wielding a +0 dagger.
You reach to attack!
The spriggan shouts!
You puncture the spriggan! You puncture the spriggan!
You kill the spriggan!
Vehumet accepts your kill.
No target in view!
No target in view!
Things that are here:
a +0 dagger; a +0 robe
Things that are here:
a cursed -3 short sword; a +0 robe
There is a stone staircase leading up, spattered with blood here.
There is an open door here.
There is an open door here.
A seven-headed hydra is nearby!
The seven-headed hydra roars!
You puncture the seven-headed hydra!
You block the seven-headed hydra's attack.
The seven-headed hydra bites you!
You block the seven-headed hydra's attack.
The seven-headed hydra bites you!
You block the seven-headed hydra's attack.
The seven-headed hydra bites you!
You block the seven-headed hydra's attack.
You take 43 damage, and have 60/103 hp.
MASSIVE DAMAGE!!
You are too injured to fight recklessly!
You are too injured to fight recklessly!
You are too injured to fight recklessly!
You puncture the seven-headed hydra! You hit the seven-headed hydra.
You squeeze the seven-headed hydra. The seven-headed hydra bites you!
The seven-headed hydra closely misses you. x2
You block the seven-headed hydra's attack.
The seven-headed hydra barely misses you.
The seven-headed hydra bites you.
The seven-headed hydra barely misses you.
You take 18 damage, and have 43/103 hp.
You hit the seven-headed hydra.
Your squeeze misses the seven-headed hydra.
The seven-headed hydra barely misses you.
You block the seven-headed hydra's attack. x2
The seven-headed hydra bites you but does no damage.
You block the seven-headed hydra's attack. x2
The seven-headed hydra closely misses you.
You barely miss the seven-headed hydra. You puncture the seven-headed hydra!
You squeeze the seven-headed hydra.
You block the seven-headed hydra's attack.
The seven-headed hydra bites you!
You block the seven-headed hydra's attack. x2
The seven-headed hydra bites you!
* * * LOW HITPOINT WARNING * * *
The seven-headed hydra closely misses you. x2
You take 21 damage, and have 23/103 hp.
MASSIVE DAMAGE!!
You hit the seven-headed hydra. You hit the seven-headed hydra.
The seven-headed hydra bites you!
* * * LOW HITPOINT WARNING * * *
The seven-headed hydra bites you!
* * * LOW HITPOINT WARNING * * *
The seven-headed hydra bites you.
You die...

....#P#.####.##.....####### ###..
......#........##'### #....
##...#........#.....##### ##...
##...........#.....#.#..# #....
#...#####.....#.......P #....
##...####..##...8....## ###..
#.....####.#.#...#...## #.P
####...#######.......#..# ##.
.####.....#####.@....#### ##
#.###....###..##D.'######
..P##.........†....##.#P###
...##.........<.........#.####
..........................##.##
............................#.###
..P.............................#
###.##..........................#
####..........................#


You could see a seven-headed hydra.

Vanquished Creatures
  4 hydras
  A boulder beetle (Lair:6)
  A two-headed ogre (D:8)
  A death yak (Lair:5)
  A lindwurm (Lair:6)
  8 elephants
  7 black mambas
  2 torpor snails (Lair:6)
  A rime drake (Lair:4)
  12 cane toads
  10 komodo dragons
  3 trolls
  11 blink frogs
  8 polar bears
  5 hornets (Lair:6)
  A wraith (D:6)
  13 spriggans (Lair:6)
  5 basilisks
  6 wyverns
  37 yaks
  3 nagas (Lair:2)
  An acid dragon (D:10)
  16 water moccasins
  8 orc warriors
  2 sky beasts
  An ice beast (D:5)
  4 black bears
  4 phantoms
  3 ogres
  5 boggarts (Lair:6)
  2 centaurs
  27 wolves
  13 bullfrogs
  A big kobold (D:10)
  A gnoll sergeant (D:8)
  A wyvern skeleton (D:10)
  7 scorpions
  10 killer bees (D:10)
  11 wights
  2 howler monkeys (D:6)
  A centaur zombie (D:5)
  10 orc wizards
  9 orc priests
  4 hounds
  2 gnoll shamans
  2 bullfrog skeletons
  3 centaur skeletons
  An iguana (D:5)
  4 worker ants
  5 hell rats
  3 merfolk sirens
  A merfolk avatar (Sewer)
  A worker ant zombie (D:5)
  16 gnolls
  A howler monkey skeleton (D:8)
  A river rat (Sewer)
  16 adders
  4 shadow imps
  3 white imps
  2 ufetubi
  2 adder skeletons
  2 adder zombies
  5 worms
  2 dart slugs
  10 leopard geckos
  25 orcs
  7 giant cockroaches
  7 goblins
  10 hobgoblins
  2 jackals (D:8)
  13 kobolds
  3 quokkas
  6 ball pythons
  11 bats
  7 frilled lizards
  2 jackal skeletons
  2 leopard gecko skeletons
  A quokka skeleton (D:8)
  26 rats
  A spectral orc (D:3)
492 creatures vanquished.

Vanquished Creatures (others)
  40 fungi
  27 plants
67 creatures vanquished.

Grand Total: 559 creatures vanquished

Notes
Turn   | Place    | Note
-------+----------+-------------------------------------------
     0 | D:1      | sokol815 the Octopode Gladiator began the quest for the
                  | Orb.
     0 | D:1      | Reached XP level 1. HP: 14/14 MP: 1/1
    98 | D:1      | Reached skill level 1 in Stealth
   103 | D:1      | Reached XP level 2. HP: 12/19 MP: 2/2
   104 | D:1      | Reached skill level 2 in Stealth
   821 | D:2      | Found a radiant altar of Vehumet.
  1041 | D:2      | Became a worshipper of Vehumet
  1083 | D:2      | Reached skill level 3 in Stealth
  1115 | D:2      | Reached XP level 3. HP: 24/24 MP: 3/3
  1455 | D:2      | Reached skill level 4 in Stealth
  1668 | D:2      | Reached XP level 4. HP: 25/29 MP: 4/4
  1933 | D:2      | Found a runed translucent door.
  1934 | D:2      | Noticed Crazy Yiuf
  2409 | D:3      | Found a basalt altar of Yredelemnul.
  2412 | D:3      | Reached * piety under Vehumet
  2412 | D:3      | Offered knowledge of Freeze by Vehumet.
  2415 | D:3      | Learned a level 1 spell: Freeze
  2455 | D:3      | Found a bloodstained altar of Trog.
  2655 | D:3      | Reached skill level 5 in Stealth
  2810 | D:3      | Reached XP level 5. HP: 34/34 MP: 5/5
  2823 | D:3      | Reached skill level 1 in Shields
  3060 | D:4      | Reached skill level 4 in Long Blades
  3115 | D:4      | Got a pitted spear
  3116 | D:4      | Identified the +7 spear of the Other Side {vorpal, rC+
                  | Str+3 Dex+4} (You found it on level 4 of the Dungeon)
  3274 | D:4      | Noticed a phantom
  3295 | D:4      | Killed a phantom
  3296 | D:4      | Reached skill level 1 in Polearms
  3296 | D:4      | Reached skill level 2 in Shields
  3296 | D:4      | Reached XP level 6. HP: 39/39 MP: 6/6
  3346 | D:4      | Reached skill level 6 in Stealth
  3376 | D:4      | Reached skill level 2 in Polearms
  3873 | D:5      | Entered Level 5 of the Dungeon
  3873 | D:5      | Noticed a phantom
  3888 | D:5      | Killed a phantom
  3889 | D:5      | Reached skill level 3 in Shields
  3889 | D:5      | Reached XP level 7. HP: 45/45 MP: 7/7
  3925 | D:5      | Reached ** piety under Vehumet
  3926 | D:5      | Reached skill level 3 in Polearms
  3926 | D:5      | Reached skill level 7 in Stealth
  3932 | D:5      | Offered knowledge of Sandblast by Vehumet.
  4000 | D:5      | Found a glowing drain.
  4004 | Sewer    | Entered a sewer
  4174 | Sewer    | Offered knowledge of Static Discharge by Vehumet.
  4210 | Sewer    | Reached *** piety under Vehumet
  4538 | D:5      | Reached skill level 4 in Shields
  4563 | D:5      | Reached XP level 8. HP: 50/50 MP: 8/8
  4573 | D:5      | Found a hazy altar of Hepliaklqana.
  4599 | D:5      | Found a stormy altar of Qazlal.
  4733 | D:5      | Reached skill level 4 in Polearms
  4787 | D:5      | Offered knowledge of Sticky Flame by Vehumet.
  4804 | D:5      | Reached skill level 4 in Dodging
  4804 | D:5      | Reached skill level 5 in Shields
  5063 | D:6      | Found a white marble altar of Elyvilon.
  5115 | D:6      | Found a staircase to the Ecumenical Temple.
  5137 | D:6      | Found Jyhokac's Distillery.
  5140 | D:6      | Bought a potion of might for 56 gold pieces
  5140 | D:6      | Bought a potion of lignification for 42 gold pieces
  5186 | D:6      | Reached skill level 5 in Polearms
  5206 | D:6      | Noticed a wraith
  5222 | D:6      | Killed a wraith
  5223 | D:6      | Reached skill level 3 in Fighting
  5260 | D:6      | Reached skill level 4 in Fighting
  5344 | D:6      | Reached XP level 9. HP: 59/59 MP: 9/9
  5390 | D:6      | Identified the +1 leather armour of Benevolence {Dex+5
                  | Slay+2}
  5414 | D:6      | Reached skill level 5 in Fighting
  5448 | D:6      | Reached **** piety under Vehumet
  5556 | D:6      | Reached skill level 6 in Polearms
  5583 | D:7      | Offered knowledge of Inner Flame by Vehumet.
  5631 | D:7      | Reached skill level 6 in Fighting
  5680 | D:7      | Reached skill level 5 in Dodging
  5739 | D:7      | Found a glowing golden altar of the Shining One.
  5887 | D:7      | Learned a level 3 spell: Mephitic Cloud
  6275 | D:8      | Reached skill level 6 in Shields
  6289 | D:8      | Reached skill level 7 in Fighting
  6365 | D:8      | Reached skill level 7 in Polearms
  6476 | D:8      | Reached ***** piety under Vehumet
  6489 | D:8      | Found Vazagyf's Gadget Shoppe.
  6668 | D:8      | Offered knowledge of Irradiate by Vehumet.
  6669 | D:8      | Reached skill level 8 in Fighting
  6669 | D:8      | Reached XP level 10. HP: 72/72 MP: 10/10
  6717 | D:8      | Noticed a two-headed ogre
  6728 | D:8      | Killed a two-headed ogre
  6729 | D:8      | Reached skill level 9 in Fighting
  6867 | D:8      | Found a hide-covered altar of Uskayaw.
  6868 | D:8      | Found a glowing silver altar of Zin.
  7001 | D:9      | Reached skill level 8 in Polearms
  7001 | D:9      | Reached skill level 6 in Dodging
  7173 | D:9      | Found a staircase to the Orcish Mines.
  7241 | D:9      | Reached skill level 7 in Shields
  7363 | D:9      | Found Wirhyh's Elemental Accessories.
  7411 | D:9      | Reached skill level 10 in Fighting
  7530 | D:9      | Noticed an elephant
  7577 | D:8      | Killed an elephant
  7698 | D:9      | Found a staircase to the Lair.
  8057 | D:10     | Entered Level 10 of the Dungeon
  8066 | D:10     | Offered knowledge of Lee's Rapid Deconstruction by Vehumet.
  8075 | D:10     | Reached skill level 9 in Polearms
  8075 | D:10     | Reached XP level 11. HP: 82/82 MP: 11/11
  8147 | D:10     | Noticed an archer statue
  8217 | D:10     | Found a blossoming altar of Fedhas.
  8262 | D:10     | Reached skill level 11 in Fighting
  8669 | D:10     | Reached skill level 7 in Dodging
  8854 | Lair:1   | Entered Level 1 of the Lair of Beasts
  9099 | Lair:1   | Reached skill level 12 in Fighting
  9099 | Lair:1   | Reached skill level 1 in Evocations
  9332 | Lair:1   | Noticed a four-headed hydra
  9348 | Lair:1   | Killed a four-headed hydra
  9349 | Lair:1   | Reached skill level 10 in Polearms
  9349 | Lair:1   | Reached skill level 8 in Shields
  9349 | Lair:1   | Reached skill level 2 in Evocations
  9467 | Lair:1   | Reached skill level 3 in Evocations
  9477 | Lair:1   | Found the +8 whip "Snakebite" {curare, rPois}
 10057 | Lair:2   | Found a staircase to the Snake Pit.
 10102 | Lair:2   | Reached skill level 4 in Evocations
 10157 | Lair:2   | Reached skill level 8 in Stealth
 10225 | Lair:2   | Reached XP level 12. HP: 91/91 MP: 12/12
 10884 | Lair:3   | Reached skill level 8 in Dodging
 11134 | Lair:3   | Reached skill level 11 in Polearms
 11198 | Lair:3   | Reached skill level 9 in Stealth
 11203 | Lair:3   | Offered knowledge of Conjure Ball Lightning by Vehumet.
 11324 | Lair:3   | Noticed a six-headed hydra
 11333 | Lair:3   | Killed a six-headed hydra
 11334 | Lair:3   | Reached skill level 9 in Shields
 11605 | Lair:3   | Noticed an eight-headed hydra
 11707 | Lair:3   | Noticed a four-headed hydra
 11811 | Lair:3   | Noticed a four-headed hydra
 11966 | Lair:4   | Noticed a seven-headed hydra
 11975 | Lair:4   | Killed a seven-headed hydra
 12074 | Lair:4   | Reached skill level 10 in Stealth
 12096 | Lair:4   | Reached skill level 12 in Polearms
 12315 | Lair:4   | Reached skill level 10 in Shields
 12444 | Lair:4   | Reached skill level 1 in Poison Magic
 12460 | Lair:4   | Reached skill level 1 in Conjurations
 12460 | Lair:4   | Reached skill level 1 in Air Magic
 12486 | Lair:4   | Found a runed translucent gate.
 12489 | Lair:4   | Found a runed translucent gate.
 12489 | Lair:4   | Found a runed translucent gate.
 12489 | Lair:4   | Noticed runemage's ghost (journeyman GnFi)
 12497 | Lair:4   | Found a staircase to the Shoals.
 12781 | Lair:5   | Reached skill level 2 in Poison Magic
 12846 | Lair:5   | Reached XP level 13. HP: 97/97 MP: 13/13
 12863 | Lair:5   | Found a runed translucent gate.
 12865 | Lair:5   | Noticed a dire elephant
 12865 | Lair:5   | Noticed Xeduwoy's ghost (journeyman CeAM)
 12869 | Lair:5   | Found a runed translucent gate.
 12874 | Lair:5   | Found a runed translucent gate.
 12899 | Lair:5   | Reached skill level 2 in Conjurations
 12899 | Lair:5   | Reached skill level 2 in Air Magic
 12915 | Lair:5   | Reached skill level 3 in Poison Magic
 13147 | Lair:5   | Found a runed translucent door.
 13147 | Lair:5   | Found a viscous altar of Jiyva.
 13147 | Lair:5   | Noticed an acid blob
 13148 | Lair:5   | Found a staircase to the Slime Pits.
 13148 | Lair:5   | Noticed an acid blob
 13148 | Lair:5   | Noticed an acid blob
 13150 | Lair:5   | Noticed an acid blob
 13229 | Lair:5   | Reached skill level 3 in Conjurations
 13229 | Lair:5   | Reached skill level 3 in Air Magic
 13303 | Lair:5   | Reached skill level 4 in Poison Magic
 13718 | Lair:6   | Entered Level 6 of the Lair of Beasts
 13794 | Lair:6   | Reached skill level 4 in Conjurations
 13794 | Lair:6   | Reached skill level 4 in Air Magic
 13807 | Lair:6   | Reached skill level 5 in Poison Magic
 14237 | Lair:6   | Reached skill level 5 in Conjurations
 14237 | Lair:6   | Reached skill level 6 in Poison Magic
 14241 | Lair:6   | Reached skill level 5 in Air Magic
 14417 | Lair:5   | Offered knowledge of Iskenderun's Battlesphere by Vehumet.
 14435 | Lair:5   | Reached skill level 7 in Poison Magic
 14631 | Lair:6   | Reached skill level 8 in Poison Magic
 14642 | Lair:6   | Reached skill level 1 in Spellcasting
 14690 | Lair:6   | HP: 17/97 [boulder beetle (51)]
 14895 | Lair:6   | Reached skill level 2 in Spellcasting
 15144 | Lair:6   | Reached skill level 3 in Spellcasting
 15228 | Lair:6   | Reached skill level 4 in Spellcasting
 15511 | Lair:6   | Reached XP level 14. HP: 103/103 MP: 20/20
 15519 | Lair:6   | Learned a level 3 spell: Conjure Flame
 15525 | Lair:6   | Learned a level 5 spell: Fireball
 15656 | Lair:6   | Reached skill level 1 in Fire Magic
 15894 | Lair:6   | Reached skill level 2 in Fire Magic
 15952 | Lair:6   | Offered knowledge of Freezing Cloud by Vehumet.
 16100 | Lair:6   | Reached skill level 5 in Spellcasting
 16339 | Lair:6   | HP: 23/103 [seven-headed hydra (13)]
 16341 | Lair:6   | HP: 1/103 [seven-headed hydra (13)]
 16341 | Lair:6   | Slain by a seven-headed hydra

Illustrated notes

Levels and vault maps discovered:
D:1:      lightli_arrival_isolated_outpost, layout_loops_ring, serial_rivers,
          chequers_serial_rivers_small_3, chequers_serial_rivers_room_a,
          chequers_serial_rivers_micro_d, chequers_serial_rivers_micro_d,
          chequers_serial_rivers_large_a, chequers_serial_rivers_micro_d
D:2:      layout_basic, overflow_temple_1_default, minmay_misc_feat_nine_boxes,
          kennysheep_generic_room_4, uniq_crazy_yiuf_cottage
D:3:      layout_rooms, yredelemnul_forgotten_temple_becter,
          general_overflow_altar, hangedman_feature_mirror
D:4:      layout_cave_pods
D:5:      layout_loops_cross, nzn_hepliaklqana_mist_gate, kennysheep_mini,
          gup_sewer_entry_bowl, minmay_manual_mandibuliform
D:6:      layout_rooms, elyvilon_altar_4, minmay_temple_entry_crystal_x,
          serial_shops, nicolae_shop_behind_doors, kennysheep_another_room,
          minmay_manual_mess
D:7:      layout_loops_cross, tso_oasis_becter
D:8:      layout_cave_pools, amethyst_overflow_temple_binary, serial_shops,
          nicolae_shop_statue_plus, minmay_stone_trees_small
D:9:      layout_long_grid, david_lair_generic, david_orc_4,
          nicolae_elemental_shop
D:10:     layout_roguey, basic_altar, corexii_checkpoint_a,
          minmay_dual_archer_statues
Lair:1:   minmay_guarded_unrand_snakebite, layout_cave_pods, grunt_megastairs_3
Lair:2:   layout_chaotic_city, guppyfry_snake_entry_island,
          minmay_lair_oklob_chamber
Lair:3:   layout_chaotic_city
Lair:4:   layout_gridlike, minmay_shoals_entry_lonely_mermaid,
          ebering_ghost_rock_garden, fungi_pond_lemuel, lemuel_fruit_tree
Lair:5:   layout_loops_ring, slime_altar_2, gammafunk_ghost_split,
          infiniplex_staircase_pool, uniq_kirke
Lair:6:   minmay_lair_end_enchanted_forest, layout_cave_pods, grunt_megastairs_1

Skill      XL: |  1  2  3  4  5  6  7  8  9 10 11 12 13 14 |
---------------+-------------------------------------------+-----
Stealth        | 1 3 4 5 6 7 8 10 | 10.0
Shields        | 2 3 4 5 6 7 8 10 | 10.4
Long Blades    | 4 |  4.0
Polearms       | 1 2 3 5 7 9 10 12 | 12.0
Dodging        | 4 5 6 7 8 |  8.0
Fighting       | 4 8 10 12 | 12.1
Evocations     | 4 |  4.0
Poison Magic   | 2 8 |  8.0
Conjurations   | 1 5 |  5.9
Air Magic      | 1 5 |  5.0
Spellcasting   | 4 5 |  5.0
Fire Magic     | 2 |  2.8
Throwing       | |  2.0

Action                   |  1- 3 |  4- 6 |  7- 9 | 10-12 | 13-15 || total
-------------------------+-------+-------+-------+-------+-------++-------
Melee: Long sword        |    36 |    43 |       |       |       ||    79
       Constrict         |    14 |    18 |    44 |    63 |    64 ||   203
       Tentacles         |     4 |    20 |    41 |   160 |   167 ||   392
       Spear             |       |    28 |   299 |   548 |   569 ||  1444
       Dagger            |       |     1 |       |     5 |     3 ||     9
 Fire: Hunting sling     |    13 |     4 |       |       |       ||    17
Throw: Stone             |    67 |   105 |       |     1 |     6 ||   179
       Dart              |       |       |       |     5 |    16 ||    21
       Throwing net      |       |       |       |     4 |       ||     4
Evoke: Wand              |       |       |       |     2 |     5 ||     7
       Tin of tremorston |       |       |       |     1 |     1 ||     2
  Use: Scroll            |       |     6 |     9 |    11 |     3 ||    29
       Potion            |       |       |     1 |       |     2 ||     3
 Stab: Sleeping          |     2 |     4 |    47 |    29 |     7 ||    89
       Distracted        |       |       |     4 |     3 |     7 ||    14
       Held in net/web   |       |       |       |     1 |       ||     1
       Paralysed         |       |       |       |     2 |     2 ||     4
Armor: Skin              |     5 |     7 |     4 |    12 |    12 ||    40
Dodge: Dodged            |    39 |    15 |    36 |   128 |   101 ||   319
Block: Tower shield      |       |    27 |   112 |   334 |   369 ||   842
       Rpst.: Long sword |    15 |     5 |       |       |       ||    20

Table legend: (Time is in decaauts)
 A = Elapsed time spent in this place.
 B = Non-inter-level travel time spent in this place.
 C = Inter-level travel time spent in this place.
 D = Time resting spent in this place.
 E = Time spent auto-exploring this place.
 F = Levels seen in this place.
 G = Mean time per level.
                   A        B        C        D        E       F      G
               +--------+--------+--------+--------+--------+-----+--------+
         Total |  16038 |  15319 |    719 |   1431 |  10591 |  17 |  943.4 |
       Dungeon |   8445 |   7995 |    450 |    300 |   6068 |  10 |  844.5 |
          Lair |   7143 |   6875 |    268 |   1092 |   4273 |   6 | 1190.5 |
         Sewer |    449 |    449 |      0 |     39 |    250 |   1 |  449.0 |
               +--------+--------+--------+--------+--------+-----+--------+

Top non-repeatable levels by time:
  Lair:6: 1760 daAuts
  Lair:5: 1618 daAuts
     D:2: 1316 daAuts
  Lair:1: 1085 daAuts
  Lair:3: 1080 daAuts
     D:9: 993 daAuts
     D:3: 918 daAuts
     D:4: 859 daAuts
     D:8: 855 daAuts
     D:1: 823 daAuts
  Lair:2: 817 daAuts
  Lair:4: 780 daAuts
    D:10: 746 daAuts
     D:5: 743 daAuts
     D:7: 667 daAuts

Table legend:
 A = Kills in this place as a percentage of kills in entire the game.
 B = Kills by you in this place as a percentage of kills by you in the entire game.
 C = Kills by friends in this place as a percentage of kills by friends in the entire game.
 D = Other kills in this place as a percentage of other kills in the entire game.
 E = Experience gained in this place as a percentage of experience gained in the entire game.
 F = Experience gained in this place divided by the number of levels of this place that you have seen.
                   A       B       C       D       E      F
               +-------+-------+-------+-------+-------+----------------------
         Total | 100.0 | 100.0 |   N/A |   N/A | 100.0 | 3562.9
       Dungeon |  52.6 |  52.6 |   N/A |   N/A |  18.4 | 1117.4
          Lair |  39.8 |  39.8 |   N/A |   N/A |  81.3 | 8203.2
         Sewer |   7.5 |   7.5 |   N/A |   N/A |   0.3 | 176.0
               +-------+-------+-------+-------+-------+----------------------
